 Dungeon Crawl Stone Soup version 0.19.1 (webtiles) character file.

4143 Firecrotchwizard the Fighter (level 10, 0/82 HPs)
             Began as a Demonspawn Berserker on Nov 27, 2016.
             Was a Priest of Trog.
             Slain by a wight
             ... wielding a cursed +4 war axe
              (9 damage)
             ... on level 9 of the Dungeon.
             The game lasted 00:20:30 (6502 turns).

Firecrotchwizard the Fighter (Demonspawn Berserker) Turns: 6502, Time: 00:20:31

Health: 0/82       AC: 13    Str: 25    XL:     10   Next: 7%
Magic:  10/10      EV:  9    Int:  8    God:    Trog [***...]
Gold:   360        SH:  0    Dex: 15    Spells: 0 memorised, 9 levels left

rFire  + . .     SeeInvis .     F - +8 glaive "Ogreslayer" {chop, rC+ Str+3}
rCold  + . .     Gourm    .     p - +0 plate armour
rNeg   . . .     Faith    .     (shield currently unavailable)
rPois  .         Spirit   .     (helmet restricted)
rElec  .         Reflect  .     (no cloak)
rCorr  .         Harm     +     x - +0 pair of gloves
MR     .....                    (no boots)
Stlth  ..........               L - amulet of harm
                                n - +3 ring of strength
                                O - ring of protection from fire

@: drained
A: antennae 1, claws 2, hooves 1, foul stench 1, powered by pain 1, rot immunity
a: Berserk, Trog's Hand, Burn Spellbooks, Renounce Religion


You were on level 9 of the Dungeon.
You worshipped Trog.
Trog was most pleased with you.
You were not hungry.

You visited 2 branches of the dungeon, and saw 10 of its levels.

You collected 360 gold pieces.

Inventory:

Hand Weapons
 a - a +0 mace
 y - a +1 dire flail of crushing
 F - the +8 glaive "Ogreslayer" (weapon) {chop, rC+ Str+3}
   (You found it on level 5 of the Dungeon)

   It inflicts extra damage upon your enemies.
   It affects your strength (+3).
   It protects you from cold.
 Q - a +1 flail of distortion
Missiles
 P - 5 needles of confusion
Armour
 b - a +0 animal skin
 g - a +0 leather armour
 h - a +0 chain mail
 p - a +0 plate armour (worn)
 x - a +0 pair of gloves (worn)
Jewellery
 i - an uncursed amulet of rage
 j - an uncursed ring of positive energy
 n - a +3 ring of strength (right hand)
 w - an uncursed ring of wizardry
 L - an amulet of harm (around neck)
 O - a ring of protection from fire (left hand)
Wands
 A - a wand of slowing (9/48)
 B - a wand of digging (8/24)
 D - a wand of confusion (30/48)
 M - a wand of digging (10/24)
Scrolls
 e - 2 scrolls of remove curse
 k - a scroll of enchant weapon
 l - 2 scrolls of teleportation {unknown}
 m - 3 scrolls of amnesia
 o - a scroll of noise {unknown}
 s - a scroll of enchant armour {unknown}
 u - a scroll of fog {unknown}
 v - 2 scrolls of magic mapping
 G - a scroll of recharging {unknown}
 J - a scroll of identify
 K - a scroll of immolation {unknown}
 N - 2 scrolls of vulnerability {unknown}
Potions
 d - a potion of might {unknown}
 f - a potion of resistance {unknown}
 q - 4 potions of curing
 r - 2 potions of berserk rage {unknown}
 t - a potion of cancellation {unknown}
 z - 2 potions of ambrosia {unknown}
 C - 4 potions of magic {unknown}
 E - 2 potions of mutation {unknown}
 R - a potion of invisibility {unknown}
Books
 H - a book of Misfortune

   Spells                             Type                      Level
   a - Confusing Touch                Hexes                        1
   b - Confuse                        Hexes                        3
   c - Gell's Gravitas                Hexes/Translocation          3
   d - Petrify                        Transmutation/Earth          4
   e - Metabolic Englaciation         Hexes/Ice                    5
   f - Yara's Violent Unravelling     Hexes/Transmutation          5
   Trog disapproves of the use of such an item.
Comestibles
 c - 5 bread rations
 I - a beef jerky
 S - a meat ration


   Skills:
 * Level 8.8(8.2) Fighting
 - Level 5.7(5.2) Maces & Flails
 * Level 6.0(5.5) Polearms
 + Level 5.4(4.9) Armour
 + Level 5.4(4.9) Dodging
   Level 2.0(1.5) Shields


You had 9 spell levels left.
You didn't know any spells.

Dungeon Overview and Level Annotations

Branches:
Dungeon (9/15)             Temple (1/1) D:7
   Lair: D:8-11         Orc: D:9-12

Altars:
Ashenzari
Cheibriados
Fedhas
Gozag
Hepliaklqana
Kikubaaqudgha
Makhleb
Nemelex Xobeh
Okawaru
Qazlal
Ru
Uskayaw
Vehumet
Xom
Zin


Innate Abilities, Weirdness & Mutations

You have a pair of small antennae on your head.
You have very sharp fingernails.
You have large cloven feet.
You may emit foul miasma when damaged in melee.
You sometimes gain a little power by taking damage.
You are immune to rotting.


Message History

Trog accepts your kill.
The wight hits you with an enchanted war axe!
* * * LOW HITPOINT WARNING * * *
You feel drained.
* * * LOW HITPOINT WARNING * * *
You are too injured to fight recklessly!
You are too injured to fight recklessly!
You are too injured to fight recklessly!
You are too injured to fight recklessly!
You closely miss the wight.
The worker ant zombie bites you but does no damage.
The wight closely misses you.
The worker ant zombie barely misses you.
You barely miss the wight. The wight hits you but does no damage.
The worker ant zombie closely misses you.
The wight barely misses you.
You closely miss the wight. Your kick misses the wight.
The worker ant zombie bites you but does no damage.
The wight hits you with an enchanted war axe!
You die...

##..................
##...................
##....................
##.....................
##............#.........
#............###........
..............#.........
........................
.......@:...............
.......zZ..............
...#................≈)
.. ##..............;≈ .
#................≈
.....<..≈..........
.......≈≈≈......
.........≈....


You could see a wight and a worker ant zombie.

Vanquished Creatures
  A polar bear (D:9)
  The ghost of VictoriousLee the Skirmisher, an amateur FoFi (D:3)
  Grinder (D:5)
  A hippogriff (D:8)
  A hungry ghost (D:8)
  Eustachio (D:5)
  Edmund (D:4)
  A water moccasin (D:8)
  3 orc warriors
  An ice beast (D:9)
  A phantom (D:6)
  2 sky beasts
  An ogre (D:8)
  4 centaurs
  4 bullfrogs
  A water moccasin skeleton (D:8)
  3 howler monkeys
  3 wights (D:9)
  2 crimson imps
  4 hounds
  8 orc priests
  7 orc wizards
  3 centaur skeletons
  Natasha (thrice) (D:4)
  8 worker ants
  2 hound skeletons
  4 gnolls (D:2)
  10 adders
  3 shadow imps
  A white imp (D:9)
  A howler monkey simulacrum (D:9)
  3 oozes
  An adder zombie (D:7)
  A worm (D:2)
  10 leopard geckos
  29 orcs
  4 bats
  7 giant cockroaches
  4 goblins
  6 hobgoblins
  4 jackals
  3 quokkas
  3 ball pythons
  4 frilled lizards
  A jackal skeleton (D:6)
  3 kobolds (D:2)
  A quokka zombie (D:6)
  4 rats
175 creatures vanquished.

Notes
Turn   | Place    | Note
-------+----------+-------------------------------------------
     0 | D:1      | Firecrotchwizard the Demonspawn Berserker began the quest for the Orb.
     0 | D:1      | Reached XP level 1. HP: 18/18 MP: 1/1
   122 | D:1      | Gained mutation: You have sharp fingernails. [demonic ancestry]
   122 | D:1      | Reached XP level 2. HP: 24/24 MP: 2/2
   406 | D:2      | Gained mutation: You are immune to rotting. [demonic ancestry]
   406 | D:2      | Reached XP level 3. HP: 29/29 MP: 3/3
   412 | D:2      | Reached skill level 1 in Shields
   595 | D:2      | Gained mutation: You may emit foul miasma when damaged in melee. [demonic ancestry]
   595 | D:2      | Reached XP level 4. HP: 32/37 MP: 4/4
   724 | D:2      | Reached skill level 4 in Fighting
   878 | D:3      | Found a hazy altar of Hepliaklqana.
   922 | D:3      | Reached ** piety under Trog
  1371 | D:3      | Noticed VictoriousLee's ghost (amateur FoFi)
  1458 | D:4      | Noticed Edmund
  1477 | D:4      | Killed Edmund
  1477 | D:4      | Gained mutation: You have a pair of small antennae on your head. [demonic ancestry]
  1477 | D:4      | Reached XP level 5. HP: 36/43 MP: 5/5
  1594 | D:4      | Gained mutation: You sometimes gain a little power by taking damage. [demonic ancestry]
  1594 | D:4      | Reached XP level 6. HP: 19/49 MP: 6/6
  1671 | D:4      | Noticed Natasha
  1681 | D:4      | Killed Natasha
  1892 | D:4      | Noticed Natasha
  1901 | D:4      | Killed Natasha
  2056 | D:4      | Reached skill level 5 in Fighting
  2106 | D:4      | Noticed Natasha
  2120 | D:4      | Killed Natasha
  2352 | D:3      | Killed VictoriousLee's ghost
  2352 | D:3      | Reached XP level 7. HP: 56/56 MP: 7/7
  2630 | D:3      | Found a glowing silver altar of Zin.
  2754 | D:3      | Reached skill level 5 in Maces & Flails
  2805 | D:5      | Entered Level 5 of the Dungeon
  2805 | D:5      | Noticed Eustachio
  2821 | D:5      | Killed Eustachio
  2859 | D:5      | Found an opulent altar of Gozag.
  2908 | D:5      | Reached skill level 6 in Fighting
  2928 | D:5      | Noticed Grinder
  2939 | D:5      | Killed Grinder
  2939 | D:5      | Reached XP level 8. HP: 52/64 MP: 8/8
  3027 | D:5      | Found a sparkling altar of Nemelex Xobeh.
  3044 | D:5      | Got a twisted glaive
  3045 | D:5      | Identified the +8 glaive "Ogreslayer" {chop, rC+ Str+3} (You found it on level 5 of the Dungeon)
  3238 | D:5      | Reached skill level 1 in Polearms
  4117 | D:6      | Reached skill level 7 in Fighting
  4652 | D:6      | Reached *** piety under Trog
  4658 | D:6      | Gained mutation: You have very sharp fingernails. [demonic ancestry]
  4658 | D:6      | Reached XP level 9. HP: 20/72 MP: 9/9
  5299 | D:7      | Found a staircase to the Ecumenical Temple.
  5302 | Temple   | Entered the Ecumenical Temple
  5550 | D:7      | Found an ancient bone altar of Kikubaaqudgha.
  5553 | D:7      | Found a shattered altar of Ashenzari.
  5556 | D:7      | Found a burning altar of Makhleb.
  5783 | D:8      | Reached skill level 8 in Fighting
  5787 | D:8      | Reached skill level 5 in Armour
  5787 | D:8      | Reached skill level 5 in Dodging
  5815 | D:8      | Reached skill level 5 in Polearms
  5826 | D:8      | Found a blossoming altar of Fedhas.
  6253 | D:9      | Noticed a polar bear
  6264 | D:9      | Killed a polar bear
  6264 | D:9      | Gained mutation: You have large cloven feet. [demonic ancestry]
  6264 | D:9      | Reached XP level 10. HP: 68/82 MP: 10/10
  6496 | D:9      | Received a gift from Trog
  6502 | D:9      | Slain by a wight

Skill      XL: |  1  2  3  4  5  6  7  8  9 10 |
---------------+-------------------------------+-----
Maces & Flails | 3 4 5 |  5.7
Armour         | 2 3 4 5 |  5.4
Shields        | 1 2 |  2.0
Fighting       | 4 5 6 7 8 |  8.8
Dodging        | 2 3 4 5 |  5.4
Polearms       | 3 5 6 |  6.0

Action                   |  1- 3 |  4- 6 |  7- 9 | 10-12 || total
-------------------------+-------+-------+-------+-------++-------
Melee: Mace              |    80 |   111 |       |       ||   191
       Dire flail        |       |   106 |    78 |       ||   184
       Glaive            |       |       |   208 |    12 ||   220
       Kick              |       |       |       |     1 ||     1
Invok: Trog's Hand       |       |     3 |     4 |       ||     7
       Berserk           |       |     3 |     4 |       ||     7
  Use: Scroll            |       |     5 |       |       ||     5
 Stab: Distracted        |     1 |       |       |       ||     1
  Eat: Chunk             |       |     3 |    14 |     2 ||    19
       Beef jerky        |       |     3 |     3 |       ||     6
       Pizza             |       |       |     1 |       ||     1
Armor: Leather armour    |     2 |       |       |       ||     2
       Chain mail        |    43 |   164 |   104 |       ||   311
       Plate armour      |       |       |    98 |    11 ||   109
Dodge: Dodged            |    12 |   102 |   185 |    11 ||   310
Block: Shield            |    27 |    49 |       |       ||    76
